 Dungeon Crawl Stone Soup version 0.30-a0-800-g7c544603b3 (webtiles) character file.

Game seed: 8298728353757819625

83 cforsyth the Sneak (level 4, 0/28 HPs)
             Began as a Kobold Brigand on Feb 23, 2023.
             Slain by a goblin
             ... wielding a +0 dagger
             ... led by Robin
              (5 damage)
             ... on level 2 of the Dungeon.
             The game lasted 00:03:31 (2225 turns).

cforsyth the Sneak (Kobold Brigand)                 Turns: 2225, Time: 00:03:32

Health: 0/28       AC:  6    Str:  8    XL:     4   Next: 71%
Magic:  4/4        EV: 15    Int: 12    God:
Gold:   70         SH:  0    Dex: 18    Spells: 3/3 levels left

rFire   . . .      SeeInvis .    a - +2 dagger
rCold   . . .      Faith    .    (no shield)
rNeg    . . .      Spirit   .    b - +0 robe
rPois   .          Reflect  .    (no helmet)
rElec   .          Harm     .    g - +2 cloak {Stlth+}
rCorr   .          Rampage  .    n - +0 pair of gloves
Will    .....                    (no boots)
Stlth   +++++                    (no amulet)
HPRegen 0.24/turn                (no ring)
MPRegen 0.09/turn                (no ring)

@: no status effects
A: small, no large weapons, nightstalker 3
a: no special abilities


You were on level 2 of the Dungeon.
You visited 1 branch of the dungeon, and saw 2 of its levels.

You collected 70 gold pieces.

Inventory:

Hand Weapons
 a - a +2 dagger (weapon)
Missiles
 d - 9 poisoned darts (quivered)
 e - 3 curare-tipped darts
Armour
 b - a +0 robe (worn)
 g - a +2 cloak of stealth (worn)
 n - a +0 pair of gloves (worn)
Scrolls
 c - 3 scrolls of identify {unknown}
 i - a scroll of immolation {unknown}
 l - a scroll of magic mapping {unknown}
 o - a scroll of torment {unknown}
 p - a scroll of poison {unknown}
Potions
 f - a potion of curing {unknown}
 h - 2 potions of attraction {unknown}
 j - 2 potions of invisibility {unknown}
 k - a potion of heal wounds {unknown}
 m - a potion of berserk rage {unknown}
 q - a potion of brilliance {unknown}


   Skills:
 + Level 3.1 Fighting
 + Level 3.7 Short Blades
 - Level 2.1 Throwing
 + Level 2.5 Dodging
 + Level 6.1 Stealth


You had 3 spell levels left.
You didn't know any spells.
Your spell library contained the following spells:

 Spells                   Type           Power      Damage    Failure   Level
 Apportation              Tloc           0%         N/A       32%         1
 Alistair's Intoxication  Tmut/Pois      0%         N/A       100%        5


Dungeon Overview and Level Annotations

Branches:
Dungeon (2/15)

Altars:


Innate Abilities, Weirdness & Mutations

You are small and have problems with some larger weapons.
You are completely attuned to the shadows.


Message History

Robin hits you with a +0 whip. The goblin closely misses you.
The hobgoblin completely misses you.
You hit Robin.
Robin is almost dead.
You hit Robin.
Robin is almost dead.
Robin hits you with a +0 whip. The goblin misses you.
The hobgoblin hits you but does no damage.
You hit Robin but do no damage.
Robin is almost dead.
Robin hits you with a +0 whip. The goblin barely misses you.
The hobgoblin hits you.
You are too injured to fight recklessly!
You are too injured to fight recklessly!
You are too injured to fight recklessly!
You are too injured to fight recklessly!
You are too injured to fight recklessly!
You are too injured to fight recklessly!
You are too injured to fight recklessly!
You are too injured to fight recklessly!
You are too injured to fight recklessly!
You are too injured to fight recklessly!
You hit Robin but do no damage.
Robin is almost dead.
Robin hits you with a +0 whip.
* * * LOW HITPOINT WARNING * * *
The goblin barely misses you. The hobgoblin barely misses you.
You hit Robin but do no damage.
Robin is almost dead.
Robin barely misses you. The goblin completely misses you.
The hobgoblin closely misses you.
You hit Robin but do no damage.
Robin is almost dead.
Robin misses you. The goblin hits you with a +0 dagger.
* * * LOW HITPOINT WARNING * * *
The hobgoblin hits you but does no damage.
You hit Robin.
You kill Robin!
You closely miss the goblin. The goblin hits you with a +0 dagger.
You die...

#..............# #########..
###........#...# #..........
#.........#..## #.#####.##. #
###.........#...# #.......##. ##
##...........#.#.# ##......... .#
#............#...####.....###.
####.#..........##...ยง...........
..............>###...........####
###....##......g@).^.g.#.....####
....#####........g.....#.........
#......##.#...........#####......
...###..#.##........>..# #.......
...# ##..............#.###.......
...## ###.##.........#..##.......
....#####...............##.......
......##............#.#..........
...##.....##............##.......


You could see a hobgoblin (strong) and a goblin (strong).

Vanquished Creatures
  Robin (D:2)
  A dart slug (D:2)
  2 ball pythons
  8 endoplasms
  5 giant cockroaches
  11 goblins
  10 hobgoblins
  8 jackals (D:1)
  3 quokkas (D:2)
  3 bats
  A frilled lizard (D:1)
  2 rats
55 creatures vanquished.

Notes
Turn   | Place    | Note
-------+----------+-------------------------------------------
     0 | D:1      | cforsyth the Kobold Brigand began the quest for the Orb.
     0 | D:1      | Reached XP level 1. HP: 12/12 MP: 1/1
     1 | D:1      | Found a runed translucent door.
   119 | D:1      | Reached XP level 2. HP: 9/18 MP: 2/2
   674 | D:1      | Reached XP level 3. HP: 22/22 MP: 3/3
  1295 | D:2      | Reached XP level 4. HP: 14/27 MP: 4/4
  1302 | D:2      | Noticed Robin
  1565 | D:2      | Reached skill level 6 in Stealth
  2224 | D:2      | Killed Robin
  2225 | D:2      | Slain by a goblin

Illustrated notes

Levels and vault maps discovered:
D:1:      dpeg_arrival_caged_fury, layout_loops_ring, minmay_misc_feat_hallway,
          grunt_decor_clamped, minmay_misc_feat_iff, minmay_misc_feat_tower
D:2:      layout_rooms, serial_co_window_serial, co_window_paths_b,
          co_window_paths_a, co_window_of_opportunity_a, co_window_paths_a,
          co_window_corner_a, co_window_paths_a, co_window_corner_a,
          co_window_corner_b, co_window_2corner, co_window_unsneaky_path_d,
          co_window_corner_cb, co_window_4corner_b, co_window_sun,
          glass_columns_a, uniq_robin

Skill      XL: |  1  2  3  4 |
---------------+-------------+-----
Short Blades   | 3 |  3.7
Dodging        | 2 |  2.5
Stealth        | 6 |  6.1
Fighting       | 3 |  3.1
Throwing       | |  2.1

Action                     |  1- 3 |  4- 6 || total
---------------------------+-------+-------++-------
  Melee: Dagger            |   146 |    66 ||   212
         Punch             |     2 |     1 ||     3
   Stab: Sleeping          |    11 |     4 ||    15
         Distracted        |       |     1 ||     1
 Armour: Robe              |    36 |    29 ||    65
  Dodge: Dodged            |   113 |    64 ||   177

Table legend: (Time is in decaauts)
 A = Elapsed time spent in this place.
 B = Non-inter-level travel time spent in this place.
 C = Inter-level travel time spent in this place.
 D = Time resting spent in this place.
 E = Time spent auto-exploring this place.
 F = Levels seen in this place.
 G = Mean time per level.
                   A        B        C        D        E       F      G
               +--------+--------+--------+--------+--------+-----+--------+
         Total |   2188 |   2125 |     63 |     29 |   1634 |   2 | 1094.0 |
       Dungeon |   2188 |   2125 |     63 |     29 |   1634 |   2 | 1094.0 |
               +--------+--------+--------+--------+--------+-----+--------+

Top non-repeatable levels by time:
     D:2: 1132 daAuts
     D:1: 1056 daAuts
